 Dungeon Crawl Stone Soup version 0.28-a0-2-g643f2454ad (webtiles) character file.

Game seed: 10135570015479481708

17829 lunkers the Unseen (level 12, -14/96 HPs)
             Began as a Vampire Delver on July 22, 2021.
             Was an Initiate of Gozag.
             Demolished by a death yak simulacrum (27 damage)
             ... in an ice cave.
             The game lasted 00:28:00 (12310 turns).

lunkers the Unseen (Vampire Delver)                Turns: 12310, Time: 00:28:00

Health: -14/96     AC: 15    Str: 13    XL:     12   Next: 22%
Magic:  12/12      EV: 17    Int: 14    God:    Gozag
Gold:   2272       SH:  5    Dex: 19    Spells: 11/11 levels left

rFire   . . .      SeeInvis +   b - +2 short sword (elec)
rCold   . . .      Faith    .   (no shield)
rNeg    . . .      Spirit   .   N - +1 ring mail of the Farrier {+Blink Fly rElec Int+2}
rPois   .          Reflect  +   l - +1 helmet
rElec   +          Harm     .   U - scarf {+Inv}
rCorr   .          Rampage  .   (no gloves)
Will    ++...                   K - +2 pair of boots
Stlth   +++++.....              q - amulet of reflection
HPRegen 0.46/turn               I - +4 ring of protection
MPRegen 0.13/turn               u - ring of willpower

@: gold aura, flying, healing quickly
A: alive, fangs 3, see invisible, vampiric 2
a: Exsanguinate, Renounce Religion, Evoke Blink, Evoke Invisibility, Potion
Petition, Call Merchant, Bribe Branch


You were in an ice cave.
You worshipped Gozag.
Gozag was most pleased with you.
You visited 3 branches of the dungeon, and saw 15 of its levels.
You also visited: Ice Cave.

You collected 2321 gold pieces.
You paid 49 gold pieces to Gozag.

Inventory:

Hand Weapons
 a - a +4 vorpal scimitar
 b - a +2 short sword of electrocution (weapon)
 v - a +2 vorpal scimitar
Missiles
 E - 7 curare-tipped darts
 S - a throwing net
Armour
 l - a +1 helmet (worn)
 K - a +2 pair of boots (worn)
 N - the +1 ring mail of the Farrier (worn) {+Blink Fly rElec Int+2}
   (You found it on level 7 of the Dungeon)

   Int:       It affects your intelligence (+2).
   rElec:     It insulates you from electricity.
   Fly:       It grants you flight.
   +Blink:    It lets you blink.
 U - a scarf of invisibility (worn)
Jewellery
 n - an amulet of faith
 q - an amulet of reflection (around neck)
 s - a ring of positive energy
 u - a ring of willpower (right hand)
 I - a +4 ring of protection (left hand)
 L - a ring of resist corrosion
 O - a +6 ring of strength
 Q - the ring "Paegabeo" {rPois Str+6 Int+4 Stlth-}
   (You found it on level 8 of the Dungeon)

   [ring of strength]

   Str:       It affects your strength (+6).
   Int:       It affects your intelligence (+4).
   rPois:     It protects you from poison.
   Stlth:     It makes you less stealthy.
 T - an amulet of the acrobat
 V - a ring of ice
 Z - a +6 ring of strength
Wands
 g - a wand of digging (3)
 m - a wand of iceblast (37)
 C - a wand of polymorph (5)
 G - a wand of flame (17)
 H - a wand of mindburst (10)
 W - a wand of paralysis (6)
Scrolls
 c - 2 scrolls of fog
 d - 4 scrolls of magic mapping
 e - 8 scrolls of fear
 f - 2 scrolls of immolation {unknown}
 i - 2 scrolls of torment {unknown}
 t - 2 scrolls of amnesia {unknown}
 y - 3 scrolls of enchant armour {unknown}
 A - 2 scrolls of blinking {unknown}
 B - 3 scrolls of teleportation {unknown}
 J - a scroll of summoning {unknown}
Potions
 h - 2 potions of might
 j - 2 potions of lignification
 k - 4 potions of haste
 o - 2 potions of attraction
 p - a potion of invisibility
 r - 5 potions of flight
 x - 4 potions of curing
 z - a potion of magic
 D - a potion of resistance
 F - 5 potions of heal wounds
 X - 2 potions of cancellation
 Y - a potion of mutation {unknown}
Miscellaneous
 P - a phial of floods (inert)


   Skills:
 + Level 9.6 Fighting
 - Level 8.0(8.2) Short Blades
 * Level 2.7(5.4) Long Blades
 + Level 11.0 Dodging
 - Level 15.0 Stealth
 - Level 8.0 Evocations


You had 11 spell levels left.
You didn't know any spells.
Your spell library contained the following spells:

 Spells                   Type           Power      Damage    Failure   Level
 Animate Skeleton         Necr           0%         N/A       54%         1
 Corona                   Hex            0%         N/A       54%         1
 Pain                     Necr           0%         1d4       54%         1
 Ensorcelled Hibernation  Hex/Ice        0%         N/A       67%         2
 Call Canine Familiar     Summ           0%         N/A       88%         3
 Gell's Gravitas          Tloc           0%         N/A       88%         3
 Portal Projectile        Hex/Tloc       0%         N/A       88%         3
 Teleport Other           Tloc           0%         N/A       88%         3
 Tukima's Dance           Hex            0%         N/A       88%         3
 Vampiric Draining        Necr           0%         2d6       88%         3
 Animate Armour           Summ/Erth      0%         N/A       99%         4
 Cause Fear               Hex            0%         N/A       99%         4
 Leda's Liquefaction      Hex/Erth       0%         N/A       99%         4
 Agony                    Necr           0%         N/A       100%        5
 Blade Hands              Tmut           0%         N/A       100%        5
 Excruciating Wounds      Necr           0%         N/A       100%        5
 Dispersal                Tloc           0%         N/A       100%        6
 Iron Shot                Conj/Erth      0%         9d1       100%        6
 Dragon Form              Tmut           0%         N/A       100%        7
 Dragon's Call            Summ           0%         N/A       100%        9


Dungeon Overview and Level Annotations

Branches:
Dungeon (10/15)            Temple (1/1) D:5            Lair (4/6) D:9
 Spider (0/4) Lair:2          Orc (0/2) D:10          IceCv (1/1)
  Swamp: Lair:2-4    Shoals: Lair:2-4

Altars:
Ashenzari
Cheibriados
Dithmenos
Elyvilon
Fedhas
Gozag
Hepliaklqana
Kikubaaqudgha
Makhleb
Nemelex Xobeh
Okawaru
Qazlal
Ru
Sif Muna
Trog
Uskayaw
Vehumet
Wu Jian
Xom
Yredelemnul
Zin
The Shining One

Shops:
D:1 (   D:2 :

Portals:
Abyss: D:3

Annotations:
D:3 2 transporters, bande's ghost, amateur GrFi


Innate Abilities, Weirdness & Mutations

Your natural rate of healing is accelerated.
You have razor-sharp teeth.
You have supernaturally acute eyesight. (SInv)
You are afflicted with vampirism and can become a bat while bloodless.


Message History

You bite the spriggan simulacrum.
The spriggan simulacrum is moderately damaged.
The ufetubus shouts!
The spriggan simulacrum hits you but does no damage.
The ufetubus shouts!
You hit the spriggan simulacrum but do no damage.
The spriggan simulacrum is moderately damaged.
You puncture the spriggan simulacrum!
Lightning courses through the spriggan simulacrum!
The spriggan simulacrum vapourises!
You hit the ufetubus. Lightning courses through the ufetubus!
You kill the ufetubus!
The ufetubus is distracted by your dazzling golden aura.
You hit the death yak simulacrum.
Lightning courses through the death yak simulacrum!
You bite the death yak simulacrum, but do no damage.
The death yak simulacrum is heavily damaged.
You hit the death yak simulacrum. You bite the death yak simulacrum.
The death yak simulacrum is heavily damaged.
The death yak simulacrum gores you! The death yak simulacrum freezes you!!
* * * LOW HITPOINT WARNING * * *
You puncture the death yak simulacrum!
The death yak simulacrum is severely damaged.
You puncture the death yak simulacrum!
You bite the death yak simulacrum, but do no damage.
The death yak simulacrum is almost destroyed.
The death yak simulacrum gores you.
* * * LOW HITPOINT WARNING * * *
The death yak simulacrum freezes you!!
* * * LOW HITPOINT WARNING * * *
You hit the death yak simulacrum but do no damage.
The death yak simulacrum is almost destroyed.
The ufetubus is no longer distracted by gold.
You hit the death yak simulacrum but do no damage.
The death yak simulacrum is almost destroyed.
The death yak simulacrum gores you!
* * * LOW HITPOINT WARNING * * *
The death yak simulacrum freezes you!!
You die...
Your body crumbles into a pile of gold.

##....### ##.##
##..##.#.## #..#.
#.#.###...#####.###
##..## #.#.#.##.##.#
##..### #.#....#.#.°§
#..#≈≈######.#...#§○.
##.##≈≈## ####.##..○
##.##≈≈## ###..☼.
##@##≈≈#### #..○.
#Z5##≈##.## ##○..
#...##≈#..# ##..
###..##...## #○°
...#.#..# #○.
#..#.##.## ##☼
...###..# ##. ###
#..####.# #.. #.#
####.##.# #..


You could see a death yak simulacrum and an ufetubus.

Vanquished Creatures
  6 elephants
  A torpor snail (Lair:2)
  6 cane toads
  A gargoyle (D:7)
  A rime drake (Lair:1)
  A kobold demonologist (D:9)
  2 komodo dragons
  A freezing wraith (IceCv)
  3 ice devils
  3 polar bears
  A troll (D:9)
  A jumping spider (Lair:2)
  A hornet (D:9)
  4 dream sheep (Lair:2)
  A wyvern (D:9)
  A shadow (D:10)
  A steam dragon (D:9)
  21 yaks
  A wraith (D:10)
  2 basilisks
  8 water moccasins
  2 orc warriors
  A sky beast (D:4)
  5 black bears
  A necrophage (D:5)
  7 centaurs
  5 ogres
  3 kobold brigands (D:9)
  A gnoll sergeant (D:7)
  5 bullfrogs
  3 scorpions
  3 two-headed ogre simulacra (IceCv)
  A water moccasin zombie (D:5)
  An elephant simulacrum (IceCv)
  4 killer bees (D:9)
  15 wights
  A jelly (D:7)
  An electric eel (Lair:3)
  A howler monkey (D:10)
  A centaur zombie (D:5)
  4 bullfrog zombies
  A hound (D:6)
  3 orc priests
  3 bullfrog skeletons
  A centaur skeleton (D:7)
  5 iguanas
  9 orc wizards
  4 spriggan simulacra (IceCv)
  4 troll simulacra (IceCv)
  A killer bee zombie (D:7)
  A hound skeleton (D:4)
  A howler monkey skeleton (D:7)
  4 gnolls
  6 naga simulacra (IceCv)
  6 adders
  A shadow imp (D:7)
  3 white imps (IceCv)
  2 ufetubi (IceCv)
  An adder zombie (D:5)
  2 worms (D:2)
  The ghost of DocClef the Covert, a weakling GnDe (D:5)
  27 orcs
  4 endoplasms
  3 giant cockroaches
  5 goblins
  9 hobgoblins
  10 jackals
  6 kobolds
  5 quokkas
  2 ball pythons (D:1)
  7 bats
  4 frilled lizards
  6 rats
279 creatures vanquished.

Vanquished Creatures (others)
  A kobold (D:9)
  9 fungi
  24 plants
34 creatures vanquished.

Grand Total: 313 creatures vanquished

Notes
Turn   | Place    | Note
-------+----------+-------------------------------------------
     0 | D:5      | lunkers the Vampire Delver began the quest for the Orb.
     0 | D:5      | Reached XP level 1. HP: 17/17 MP: 1/1
   182 | D:3      | Found a shimmering blue altar of Sif Muna.
   296 | D:3      | Reached XP level 2. HP: 23/23 MP: 2/2
   480 | D:1      | Gained mutation: You are afflicted with vampirism and can
                  | become a bat while bloodless. [Vampire growth]
   480 | D:1      | Reached XP level 3. HP: 28/28 MP: 3/3
   812 | D:1      | Found Nuotz's Antique Weapon Shop.
  1237 | D:2      | Reached XP level 4. HP: 31/35 MP: 4/4
  1312 | D:2      | Found Qafenot's Book Shop.
  1530 | D:1      | Reached skill level 8 in Stealth
  1702 | D:2      | Found a faded altar of an unknown god.
  1908 | D:3      | Found a transporter.
  1908 | D:3      | Found a one-way gate to the infinite horrors of the Abyss.
  1908 | D:3      | Noticed bande's ghost (amateur GrFi)
  1940 | D:3      | Found a transporter.
  1941 | D:3      | Noticed a small abomination
  2364 | D:3      | Reached XP level 5. HP: 41/41 MP: 5/5
  2487 | D:3      | Found a shadowy altar of Dithmenos.
  2576 | D:3      | Reached XP level 6. HP: 21/47 MP: 6/6
  2660 | D:3      | Reached skill level 5 in Short Blades
  2832 | D:4      | Found a blossoming altar of Fedhas.
  2972 | D:4      | Found a basalt altar of Yredelemnul.
  3139 | D:5      | Found a runed translucent door.
  3153 | D:5      | Reached skill level 9 in Stealth
  3157 | D:5      | Reached XP level 7. HP: 36/54 MP: 7/7
  3454 | D:5      | Noticed DocClef's ghost (weakling GnDe)
  3510 | D:5      | Reached XP level 8. HP: 59/61 MP: 8/8
  3610 | D:5      | Reached skill level 5 in Dodging
  3647 | D:5      | Found a staircase to the Ecumenical Temple.
  3716 | D:5      | Reached skill level 10 in Stealth
  3810 | D:5      | Found a hide-covered altar of Uskayaw.
  3810 | D:5      | Found a stormy altar of Qazlal.
  3811 | D:5      | Found a hazy altar of Hepliaklqana.
  3847 | Temple   | Entered the Ecumenical Temple
  3909 | Temple   | Became a worshipper of Gozag Ym Sagoz the Greedy
  4061 | D:5      | Killed DocClef's ghost
  4325 | D:6      | Reached skill level 5 in Fighting
  4569 | D:6      | Found a radiant altar of Vehumet.
  5023 | D:7      | Reached skill level 11 in Stealth
  5074 | D:7      | Reached XP level 9. HP: 68/68 MP: 9/9
  5122 | D:7      | Identified the +1 ring mail of the Farrier {+Blink Fly
                  | rElec Int+2}
  5211 | D:7      | Noticed a gargoyle
  5237 | D:7      | Killed a gargoyle
  5430 | D:7      | Reached skill level 12 in Stealth
  5636 | D:8      | Identified the ring "Paegabeo" {rPois Str+6 Int+4 Stlth-}
  6077 | D:9      | Reached skill level 1 in Evocations
  6212 | D:9      | Found a staircase to the Lair.
  6387 | D:9      | Reached XP level 10. HP: 79/79 MP: 10/10
  7023 | D:9      | Identified the +4 mace of Nemelex Xobeh's Whim {vorpal,
                  | rPois Will+ Str-2}
  7102 | D:10     | Entered Level 10 of the Dungeon
  7242 | D:10     | Found a broken altar of Ashenzari.
  7475 | D:10     | Reached skill level 13 in Stealth
  7626 | D:10     | Found a staircase to the Orcish Mines.
  7814 | Lair:1   | Entered Level 1 of the Lair of Beasts
  7907 | Lair:1   | Reached skill level 5 in Evocations
  8061 | Lair:1   | Found a broken altar of Ashenzari.
  8418 | Lair:1   | Reached XP level 11. HP: 86/86 MP: 11/11
  9124 | Lair:2   | Found a hole to the Spider Nest.
  9141 | Lair:2   | Reached skill level 14 in Stealth
  9559 | Lair:2   | Reached skill level 10 in Dodging
 10786 | Lair:3   | Reached skill level 15 in Stealth
 10807 | Lair:3   | Reached XP level 12. HP: 95/95 MP: 12/12
 11422 | Lair:4   | Noticed a seven-headed hydra
 11449 | Lair:4   | Reached skill level 1 in Long Blades
 11592 | Lair:4   | Found a frozen archway.
 11609 | IceCv    | Entered an ice cave
 12310 | IceCv    | Demolished by a death yak simulacrum

Illustrated notes

Levels and vault maps discovered:
D:1:      dpeg_arrival_boxes_within_box, layout_rooms, serial_shops, shop
D:2:      layout_loops_cross, serial_shops, shop,
          dilly_ecumenical_altar_fadedgnrine
D:3:      layout_loops_corners, led_sif_pool, grunt_dithmenos_smoke,
          gammafunk_ghost_abyssal_escape, minmay_crystal_room,
          kennysheep_flooded_box
D:4:      layout_basic, mainiacjoe_overflow_tiny_flanked,
          fedhas_altar_fruit_tree
D:5:      layout_basic, gammafunk_temple_overflow_claw, temple_green,
          serial_undead, serial_undead_f, serial_undead_c, serial_undead_f,
          serial_undead_c, hellmonk_ghost_happy_afterlife
D:6:      layout_rooms, mainiacjoe_overflow_boulevard,
          kennysheep_generic_room_11
D:7:      cheibrodos_barr_body, layout_basic
D:8:      layout_basic, serial_glass, glass_columns_a, glass_columns_b,
          feat_on_display
D:9:      layout_loops_ring, dpeg_oklobed_lair, nicolae_two_hexagons,
          mrwooster_statue_mirror
D:10:     layout_roguey, lemuel_doored_altar, orc_0_dummy
Temple:   cyrus_circular_temple
Lair:1:   layout_chaotic_city, lemuel_centaur_altar
Lair:2:   layout_chaotic_city, spider_nest_entry_a, minmay_stone_trees_medium,
          nicolae_lair_grove_arrangements, chequers_serial_rivers_large_b
Lair:3:   layout_chaotic_city, grunt_forest_small_clearings,
          gammafunk_lair_bear_cave, infiniplex_staircase_pool_2
Lair:4:   layout_loops_ring, palyth_hydra_swamp_entry,
          portal_ice_cave_demonic_guard
IceCv:    ice_cave_caverns_01

Skill      XL: |  1  2  3  4  5  6  7  8  9 10 11 12 |
---------------+-------------------------------------+-----
Short Blades   | 3 4 5 6 8 |  8.0
Fighting       | 3 4 5 7 8 9 |  9.6
Stealth        | 8 9 11 12 13 15 | 15.0
Dodging        | 3 4 6 8 9 10 11 | 11.0
Evocations     | 2 5 8 |  8.0
Long Blades    | 2 |  2.7

Action                   |  1- 3 |  4- 6 |  7- 9 | 10-12 || total
-------------------------+-------+-------+-------+-------++-------
Melee: Short sword       |   149 |   139 |   260 |   556 ||  1104
       Bite              |    12 |    18 |    16 |    79 ||   125
       Scimitar          |       |       |       |    15 ||    15
Throw: Dart              |       |       |     2 |       ||     2
 Abil: Evoke Invisibilit |       |       |       |     1 ||     1
Evoke: Wand              |       |       |     8 |     1 ||     9
       Phial of floods   |       |       |       |     1 ||     1
  Use: Potion            |     1 |       |       |       ||     1
       Scroll            |       |     3 |     4 |     7 ||    14
 Stab: Sleeping          |    16 |     7 |    31 |    27 ||    81
       Distracted        |       |     1 |     3 |     4 ||     8
       Invisible         |       |       |       |     5 ||     5
       Paralysed         |       |       |       |     1 ||     1
Armor: Leather armour    |    13 |       |       |       ||    13
       Ring mail         |    24 |    34 |    63 |   163 ||   284
Dodge: Dodged            |    99 |    59 |   107 |   309 ||   574
Block: Other             |     9 |    35 |    41 |   101 ||   186
       Rpst.: Scimitar   |       |       |       |     4 ||     4

Table legend: (Time is in decaauts)
 A = Elapsed time spent in this place.
 B = Non-inter-level travel time spent in this place.
 C = Inter-level travel time spent in this place.
 D = Time resting spent in this place.
 E = Time spent auto-exploring this place.
 F = Levels seen in this place.
 G = Mean time per level.
                   A        B        C        D        E       F      G
               +--------+--------+--------+--------+--------+-----+--------+
         Total |  12052 |  11630 |    422 |    533 |   8327 |  16 |  753.2 |
       Dungeon |   7591 |   7290 |    301 |    314 |   5187 |  10 |  759.1 |
        Temple |     75 |     42 |     33 |      0 |     41 |   1 |   75.0 |
          Lair |   3707 |   3620 |     87 |    109 |   2722 |   4 |  926.8 |
      Ice Cave |    677 |    677 |      0 |    110 |    377 |   1 |  677.0 |
               +--------+--------+--------+--------+--------+-----+--------+

Top non-repeatable levels by time:
  Lair:2: 1442 daAuts
     D:3: 1092 daAuts
  Lair:1: 1084 daAuts
     D:9: 1034 daAuts
     D:7: 915 daAuts
  Lair:3: 898 daAuts
     D:2: 765 daAuts
     D:5: 751 daAuts
     D:1: 715 daAuts
   IceCv: 677 daAuts
    D:10: 669 daAuts
     D:4: 637 daAuts
     D:6: 528 daAuts
     D:8: 481 daAuts
  Lair:4: 282 daAuts
